 Dungeon Crawl Stone Soup version 0.29.1-13-g9f3cf754e1 (webtiles) character file.

Game seed: 16630372109067850479

10 Hrothgar the Chopper (level 2, -2/27 HPs)
             Began as a Minotaur Berserker on Jan 23, 2023.
             Was a Follower of Trog.
             Slain by a kobold
             ... wielding a +0 whip
              (5 damage)
             ... on level 1 of the Dungeon.
             The game lasted 00:01:05 (358 turns).

Hrothgar the Chopper (Minotaur Berserker)            Turns: 358, Time: 00:01:06

Health: -2/27      AC:  2    Str: 21    XL:     2   Next: 10%
Magic:  1/1        EV: 12    Int:  4    God:    Trog [*.....]
Gold:   13         SH:  0    Dex:  9    Spells: 1/1 levels left

rFire   . . .      SeeInvis .   a - +0 hand axe
rCold   . . .      Faith    .   (no shield)
rNeg    . . .      Spirit   .   b - +0 animal skin
rPois   .          Reflect  .   (helmet restricted)
rElec   .          Harm     .   (no cloak)
rCorr   .          Rampage  .   (no gloves)
Will    .....                   (no boots)
Stlth   +.........              (no amulet)
HPRegen 0.09/turn               (no ring)
MPRegen 0.07/turn               (no ring)

@: no status effects
A: horns 2, retaliatory headbutt
a: Renounce Religion, Berserk


You were on level 1 of the Dungeon.
You worshipped Trog.
Trog was aware of your devotion.
You visited 1 branch of the dungeon, and saw 1 of its levels.

You collected 13 gold pieces.

Inventory:

Hand Weapons
 a - a +0 hand axe (weapon)
Armour
 b - a +0 animal skin (worn)
Scrolls
 c - a scroll of blinking {unknown}


   Skills:
 * Level 3.8 Fighting
 * Level 3.9 Axes
 * Level 2.5 Armour
 * Level 2.3 Dodging
 * Level 0.3 Stealth


You had one spell level left.
You didn't know any spells.
Your spell library was empty.

Dungeon Overview and Level Annotations

Branches:
Dungeon (1/15)

Altars:


Innate Abilities, Weirdness & Mutations

You have a pair of horns on your head.
You reflexively headbutt those who attack you in melee.


Message History

The ball python closely misses you. The ball python misses you.
The ball python closely misses you. x2
You slash the ball python!
You kill the ball python!
Trog accepts your kill.
You enter the shallow water.
Moving in this stuff is going to be slow.
Found 5 stones.
You see here 5 stones.
A dart slug comes into view.
The dart slug launches a dart at you. The slug dart hits you.
The dart slug bites you.
You hit the dart slug.
The dart slug is heavily wounded.
The dart slug launches a dart at you. The slug dart misses you.
You hit the dart slug. You headbutt the dart slug.
You kill the dart slug!
Trog accepts your kill.
You have reached level 2!
A hobgoblin comes into view.
The hobgoblin shouts!
A hobgoblin is nearby!
A kobold comes into view. It is wielding a +0 whip.
The kobold throws a stone.
The stone misses you.
A hobgoblin breaks down the door.
The kobold hits you with a +0 whip. The kobold closely misses you.
The kobold closely misses you. You furiously retaliate!
You headbutt the kobold. The hobgoblin hits you.
You hit the hobgoblin but do no damage. You hit the kobold.
The kobold closely misses you. The hobgoblin hits you.
You hit the hobgoblin but do no damage. You barely miss the kobold.
The kobold hits you with a +0 whip.
* * * LOW HITPOINT WARNING * * *
The hobgoblin hits you.
* * * LOW HITPOINT WARNING * * *
The kobold hits you with a +0 whip.
You die...

♣~.##.# .~~ ~..##.####♣
♣~P ~~P......(# ~~♣♣
.~.##.###.# P~~♣ ##
P..##.#.#.# ##♣♣~P♣♣.##
...##.....###.♣♣.♣♣...#
............+.........+
##.###....#...........#
#........#.##.K@....##
###.#####....P.g...##
#.# #.P~~~P...## # #
#.P~P~~~.'##
#.~~~~~~#.# #♣~~~≈~~..#
.P~~≈~~..# .~.≈≈.~...


You could see a hobgoblin and a kobold.

Vanquished Creatures
  A dart slug (D:1)
  A ball python (D:1)
  A goblin (D:1)
  2 hobgoblins (D:1)
  3 rats (D:1)
8 creatures vanquished.

Vanquished Creatures (others)
  5 plants (D:1)
5 creatures vanquished.

Grand Total: 13 creatures vanquished

Notes
Turn   | Place    | Note
-------+----------+-------------------------------------------
     0 | D:1      | Hrothgar the Minotaur Berserker began the quest for the
                  | Orb.
     0 | D:1      | Reached XP level 1. HP: 19/19 MP: 0/0
   348 | D:1      | Reached XP level 2. HP: 16/27 MP: 1/1
   358 | D:1      | Slain by a kobold

Illustrated notes

Levels and vault maps discovered:
D:1:      co_arrival_square_in_a_square_in_a_square, layout_loops_corners,
          serial_bayou, serial_bayou_pond_b, serial_bayou_pond_d,
          serial_bayou_pond_b, serial_bayou_pond_a, serial_bayou_pond_d,
          serial_bayou_crossing

Action                   || total
-------------------------++-------
Melee: Hand axe          ||    28
       Headbutt          ||     2
  Use: Scroll            ||     1
Armor: Animal skin       ||     5
Dodge: Dodged            ||    31
